 Dungeon Crawl Stone Soup version 0.23.1 (webtiles) character file.

Game seed: 6892704172511404921

58 Lusmu the Grave Robber (level 3, -4/16 HPs)
             Began as a Felid Necromancer on Mar 14, 2019.
             Killed from afar by an orc wizard (6 damage)
             ... with a magic dart
             ... on level 2 of the Dungeon.
             The game lasted 00:08:36 (3297 turns).

Lusmu the Grave Robber (Felid Necromancer)          Turns: 3297, Time: 00:08:37

Health: -4/16      AC:  1    Str:  5    XL:     3   Next: 75%
Magic:  2/7        EV: 18    Int: 16    God:
Gold:   123        SH:  0    Dex: 16    Spells: 4/6 levels left
                                        Lives:  0   Deaths: 0

rFire    . . .     SeeInvis +   (weapon unavailable)
rCold    . . .     Gourm    .   (shield unavailable)
rNeg     . . .     Faith    .   (armour unavailable)
rPois    .         Spirit   .   (helmet unavailable)
rElec    .         Reflect  .   (cloak unavailable)
rCorr    .         Harm     .   (gloves unavailable)
MR       .....                  (boots unavailable)
Stlth    +++.......             (no amulet)
HPRegen  0.05/turn              (no ring)
MPRegen  0.10/turn              (no ring)

@: quick
A: very small, no armour, no weapons or thrown items, stealth, claws 1, fangs 3,
see invisible, carnivore, speed 1, shaggy fur 1, slow metabolism 1, sharp paws
a: no special abilities


You were on level 2 of the Dungeon.
You were very full.

You visited 1 branch of the dungeon, and saw 3 of its levels.

You collected 123 gold pieces.

Inventory:

Scrolls
 f - a scroll of teleportation
 h - a scroll of remove curse {unknown}
 j - a scroll of amnesia
 l - a scroll of fog {unknown}
 n - a scroll of blinking {unknown}
Potions
 c - a potion of magic
 d - a potion of brilliance
 e - a potion of flight {unknown}
 i - 2 potions of lignification {unknown}
 k - a potion of heal wounds {unknown}
 m - a potion of cancellation {unknown}
Comestibles
 b - 3 rations


   Skills:
 * Level 2.1 Fighting
 - Level 2.6 Dodging
 + Level 3.5 Stealth
 - Level 2.0 Spellcasting
 * Level 4.6 Necromancy


You had 4 spell levels left.
You knew the following spells:

 Your Spells              Type           Power        Failure   Level  Hunger
a - Pain                  Necr           ###.         3%          1    #......
b - Animate Skeleton      Necr           N/A          3%          1    #......

Your spell library contained the following spells:

 Spells                   Type           Power        Failure   Level  Hunger
 Vampiric Draining        Necr           ###.......   10%         3    ###....
 Regeneration             Chrm/Necr      #.........   24%         3    ###....
 Animate Dead             Necr           N/A          30%         4    #####..


Dungeon Overview and Level Annotations

Branches:
Dungeon (3/15)

Altars:


Innate Abilities, Weirdness & Mutations

You cannot wear armour.
You are incapable of wielding weapons or throwing items.
Your paws allow you to move quietly. (Stealth)
You have sharp claws.
You have razor-sharp teeth.
You have supernaturally acute eyesight. (SInv)
You are carnivorous and can eat meat at any time.
You cover ground quickly.
You are covered in fur. (AC +1)
You have a slow metabolism.
Your sharp claws are effective at attacking unaware monsters.


Message History

Aim: an orc wizard, wielding a +0 dagger and wearing a +0 robe (lightly wounded, chance to defeat MR: 75%)
The orc wizard struggles to resist.
The orc wizard hits you with a +0 dagger.
Casting: Pain (safe; 3% risk of failure)
Confirm with . or Enter, or press ? or * to list all spells.
Aiming: Pain (safe; 3% risk of failure)
Press: ? - help, Shift-Dir - straight line, f/p - orc wizard
Aim: an orc wizard, wielding a +0 dagger and wearing a +0 robe (lightly wounded, chance to defeat MR: 75%)
The orc wizard struggles to resist.
The orc wizard misses you.
Casting: Pain (safe; 3% risk of failure)
Confirm with . or Enter, or press ? or * to list all spells.
Aiming: Pain (safe; 3% risk of failure)
Press: ? - help, Shift-Dir - straight line, f/p - orc wizard
Aim: an orc wizard, wielding a +0 dagger and wearing a +0 robe (lightly wounded, chance to defeat MR: 75%)
The orc wizard writhes in agony.
The orc wizard hits you with a +0 dagger.
* * * LOW HITPOINT WARNING * * *
The orc wizard points at you and mumbles some strange words.
The magic dart hits you.
You die...

#.# ##.).#...##........
#.######.#...#####.......
#.o......>....# #.......
########.#....# #.###.## #.##.#.#
#.# #.# #.##.#.####.###.## ##
#.##.#.#.......... .##
#...........####.# #.##
#@##........# #.# ##.##
#.##........# #.# ##.#
#.##.###.#..# #.# #.#
#o##.###.#..####.#
##.############.#...##.........#
##....................)....######
#..############[.#...#####.##....
.#.[# #..##.## #.##.### ###.#
#..##.# #.##.#


You could see an orc wizard.

Vanquished Creatures
  2 adders (D:2)
  An ooze (D:2)
  A dart slug (D:2)
  A leopard gecko (D:2)
  2 orcs
  7 bats
  2 giant cockroaches (D:1)
  3 goblins
  3 hobgoblins
  4 kobolds
  4 frilled lizards
30 creatures vanquished.

Vanquished Creatures (collateral kills)
  A bat (D:2)
1 creature vanquished.

Grand Total: 31 creatures vanquished

Notes
Turn   | Place    | Note
-------+----------+-------------------------------------------
     0 | D:1      | Lusmu the Felid Necromancer began the quest for the Orb.
     0 | D:1      | Reached XP level 1. HP: 7/7 MP: 4/4
   555 | D:1      | Reached XP level 2. HP: 10/12 MP: 1/6
   606 | D:1      | Learned a level 1 spell: Animate Skeleton
   754 | D:1      | Reached skill level 1 in Fighting
  1587 | D:2      | Reached XP level 3. HP: 10/15 MP: 1/7
  3297 | D:2      | Killed from afar by an orc wizard

Skill      XL: |  1  2  3 |
---------------+----------+-----
Stealth        | 3 |  3.5
Fighting       | 1 2 |  2.1
Dodging        | |  2.6
Spellcasting   | |  2.0
Necromancy     | |  4.6

Action                   || total
-------------------------++-------
Melee: Unarmed           ||    41
       Bite              ||     2
 Cast: Pain              ||    69
       Animate Skeleton  ||     3
  Use: Scroll            ||     4
       Potion            ||     2
 Stab: Sleeping          ||     4
  Eat: Chunk             ||    12
Armor: Skin              ||     6
Dodge: Dodged            ||    67
